 Dungeon Crawl Stone Soup version 0.28-b1-25-g9875b3fc8c (webtiles) character file.

Game seed: 163340619706546855

68 Xoff the Shield-Bearer (level 4, 0/41 HPs)
             Began as a Gnoll Fighter on Feb 5, 2022.
             Was a Believer of Kikubaaqudgha.
             Succumbed to Duvessa's poison
             ... on level 4 of the Dungeon.
             The game lasted 00:05:03 (2530 turns).

Xoff the Shield-Bearer (Gnoll Fighter)              Turns: 2530, Time: 00:05:05

Health: 0/41       AC: 12    Str: 17    XL:     4   Next: 19%
Magic:  5/5        EV:  7    Int:  7    God:    Kikubaaqudgha [**....]
Gold:   115        SH:  5    Dex: 12    Spells: 5/5 levels left

rFire   + . .      SeeInvis .   a - +0 long sword
rCold   . . .      Faith    .   c - +0 buckler
rNeg    + . .      Spirit   .   o - +0 chain mail
rPois   .          Reflect  .   (no helmet)
rElec   .          Harm     .   j - +1 cloak
rCorr   .          Rampage  .   (no gloves)
Will    .....                   (no boots)
Stlth   ..........              (no amulet)
HPRegen 0.13/turn               m - ring of protection from fire
MPRegen 0.09/turn               b - ring of positive energy

@: mighty, lethally poisoned (0 -> -31)
A: fangs 1, strong nose, distributed training
a: Renounce Religion, Receive Corpses


You were on level 4 of the Dungeon.
You worshipped Kikubaaqudgha.
Kikubaaqudgha was pleased with you.
You visited 1 branch of the dungeon, and saw 4 of its levels.

You collected 115 gold pieces.

Inventory:

Hand Weapons
 a - a +0 long sword (weapon)
Missiles
 e - 25 sling bullets
 g - 78 stones
 k - 6 boomerangs
 n - a poisoned dart (quivered)
Armour
 c - a +0 buckler (worn)
 j - a +1 cloak (worn)
 o - a +0 chain mail (worn)
Jewellery
 b - a ring of positive energy (right hand)
 m - a ring of protection from fire (left hand)
Scrolls
 f - a scroll of noise
 i - a scroll of enchant armour
 l - a scroll of silence
 p - a scroll of immolation {unknown}
Potions
 h - a potion of ambrosia {unknown}
 q - a potion of brilliance {unknown}


   Skills:
 + Level 6.6 Fighting
 + Level 1.0 Short Blades
 + Level 4.6 Long Blades
 + Level 1.0 Axes
 + Level 1.0 Maces & Flails
 + Level 1.0 Polearms
 + Level 1.0 Staves
 + Level 1.0 Slings
 + Level 1.0 Bows
 + Level 1.0 Crossbows
 + Level 1.0 Throwing
 + Level 6.6 Armour
 + Level 1.0 Dodging
 + Level 1.0 Stealth
 + Level 6.6 Shields
 + Level 1.0 Unarmed Combat
 + Level 1.0 Spellcasting
 + Level 0.8 Conjurations
 + Level 0.8 Hexes
 + Level 0.8 Summonings
 + Level 0.8 Necromancy
 + Level 0.8 Translocations
 + Level 0.8 Transmutations
 + Level 0.8 Fire Magic
 + Level 0.8 Ice Magic
 + Level 0.8 Air Magic
 + Level 0.8 Earth Magic
 + Level 0.8 Poison Magic
 + Level 1.1 Invocations
 + Level 1.0 Evocations


You had 5 spell levels left.
You didn't know any spells.
Your spell library contained the following spells:

 Spells                   Type           Power      Damage    Failure   Level
 Animate Skeleton         Necr           2%         N/A       99%         1
 Pain                     Necr           4%         1d4       99%         1
 Slow                     Hex            4%         N/A       99%         1
 Sublimation of Blood     Necr           1%         N/A       100%        2
 Wereblood                Tmut           1%         N/A       100%        2
 Vampiric Draining        Necr           1%         2d6       100%        3
 Summon Hydra             Summ           0%         N/A       100%        7


Dungeon Overview and Level Annotations

Branches:
Dungeon (4/15)
 Temple: D:4-7

Altars:
Elyvilon
Kikubaaqudgha

Annotations:
D:4 Dowan


Innate Abilities, Weirdness & Mutations

You have very sharp teeth.
Your uncanny sense of smell can sniff out nearby items.
Your experience applies equally to all skills.


Message History

Duvessa is severely wounded.
Dowan casts a spell.
Dowan blinks!
You block Duvessa's attack.
You barely miss Duvessa.
Duvessa is severely wounded.
You block Duvessa's attack. Dowan barely misses you.
You barely miss Duvessa.
Duvessa is severely wounded.
Duvessa hits you with a +4 short sword of venom.
You are poisoned.
You block Dowan's attack.
You hit Duvessa but do no damage.
Duvessa is severely wounded.
You feel very sick.
Duvessa hits you with a +4 short sword of venom!
You are more poisoned.
Dowan hits you with a +1 vampiric dagger.
Unknown command.
You feel very mighty all of a sudden.
You feel very sick. Duvessa completely misses you.
A hobgoblin comes into view.
Dowan hits you but does no damage.
You closely miss Duvessa.
Duvessa is severely wounded.
You feel very sick.
Duvessa hits you with a +4 short sword of venom!
* * * LOW HITPOINT WARNING * * *
You are more poisoned.
You block Dowan's attack.
Duvessa hits you with a +4 short sword of venom.
* * * LOW HITPOINT WARNING * * *
You are more poisoned.
You hit Duvessa. You bite Duvessa.
You kill Duvessa!
Kikubaaqudgha accepts your kill.
Dowan's eyes darken. "You have made a black mistake."
Dowan seems to find hidden reserves of power!
You die...
Kikubaaqudgha rasps: "You have failed me!
Welcome... death!"

...##. ...#
.......#.
.#.##
#.....#..
.!..##.
....#..#
.......
#...#...##...#
#..#......#.g#
#.#........(.#
#.........)..#
######).@...#
+....e...[+
#.........#
##.......##
##.....##
##...## ##+##


You could see Dowan (fast) and a hobgoblin.

Vanquished Creatures
  Duvessa (D:4)
  An adder (D:2)
  A worm (D:2)
  A dart slug (D:1)
  An orc (D:4)
  4 ball pythons
  3 endoplasms (D:1)
  2 giant cockroaches (D:3)
  7 goblins
  4 hobgoblins (D:1)
  3 quokkas
  7 bats
  2 frilled lizards (D:1)
  7 kobolds
  5 rats
49 creatures vanquished.

Notes
Turn   | Place    | Note
-------+----------+-------------------------------------------
     0 | D:1      | Xoff the Gnoll Fighter began the quest for the Orb.
     0 | D:1      | Reached XP level 1. HP: 23/23 MP: 1/1
    22 | D:1      | Found a faded altar of an unknown god.
    42 | D:1      | Got Plato's Reference Book on the Oath
    43 | D:1      | Prayed at the altar of an unknown god.
    43 | D:1      | Became a worshipper of Kikubaaqudgha
    43 | D:1      | Reached * piety under Kikubaaqudgha
    43 | D:1      | Received a gift from Kikubaaqudgha
   114 | D:1      | Reached XP level 2. HP: 29/29 MP: 2/2
   395 | D:1      | Reached XP level 3. HP: 35/35 MP: 3/3
  1195 | D:2      | Reached skill level 1 in Invocations
  1534 | D:2      | Reached skill level 1 in Short Blades
  1534 | D:2      | Reached skill level 1 in Axes
  1534 | D:2      | Reached skill level 1 in Maces & Flails
  1534 | D:2      | Reached skill level 1 in Polearms
  1534 | D:2      | Reached skill level 1 in Staves
  1534 | D:2      | Reached skill level 1 in Slings
  1534 | D:2      | Reached skill level 1 in Bows
  1534 | D:2      | Reached skill level 1 in Crossbows
  1534 | D:2      | Reached skill level 1 in Throwing
  1534 | D:2      | Reached skill level 1 in Dodging
  1534 | D:2      | Reached skill level 1 in Stealth
  1534 | D:2      | Reached skill level 1 in Unarmed Combat
  1534 | D:2      | Reached skill level 1 in Spellcasting
  1534 | D:2      | Reached skill level 1 in Evocations
  1597 | D:2      | Reached ** piety under Kikubaaqudgha
  2164 | D:3      | Reached XP level 4. HP: 41/41 MP: 5/5
  2348 | D:3      | Found a white marble altar of Elyvilon.
  2513 | D:4      | Noticed Duvessa
  2521 | D:4      | Noticed Dowan
  2530 | D:4      | Killed Duvessa
  2530 | D:4      | Succumbed to Duvessa's poison

Illustrated notes

Levels and vault maps discovered:
D:1:      sevenhm_arrival_forest_fort_small_3, layout_loops_ring,
          shapermc_ecumenical_altar_rom_forum
D:2:      layout_basic
D:3:      layout_rooms, mainiacjoe_overflow_boulevard, nrook_loot_triangle
D:4:      layout_loops_corners, nicolae_tso_carved_into_rock,
          minmay_temple_entry_water_ring, hangedman_abyss_or_decor_lesser_grid,
          minmay_misc_feat_rugged, minivault_25, st_stairs_9,
          hangedman_decor_opposing, uniq_duvessa

Skill      XL: |  1  2  3 |
---------------+----------+-----
Invocations    | 1 |  1.1
Short Blades   | 1 |  1.0
Axes           | 1 |  1.0
Maces & Flails | 1 |  1.0
Polearms       | 1 |  1.0
Staves         | 1 |  1.0
Slings         | 1 |  1.0
Bows           | 1 |  1.0
Crossbows      | 1 |  1.0
Throwing       | 1 |  1.0
Dodging        | 1 |  1.0
Stealth        | 1 |  1.0
Unarmed Combat | 1 |  1.0
Spellcasting   | 1 |  1.0
Evocations     | 1 |  1.0
Fighting       | |  6.6
Long Blades    | |  4.6
Armour         | |  6.6
Shields        | |  6.6
Conjurations   | |  0.8
Hexes          | |  0.8
Summonings     | |  0.8
Necromancy     | |  0.8
Translocations | |  0.8
Transmutations | |  0.8
Fire Magic     | |  0.8
Ice Magic      | |  0.8
Air Magic      | |  0.8
Earth Magic    | |  0.8
Poison Magic   | |  0.8

Action                   |  1- 3 |  4- 6 || total
-------------------------+-------+-------++-------
Melee: Long sword        |   125 |    28 ||   153
       Bite              |     7 |     2 ||     9
Throw: Dart              |       |     3 ||     3
  Use: Scroll            |     3 |       ||     3
       Potion            |       |     1 ||     1
Armor: Scale mail        |    70 |       ||    70
       Chain mail        |       |    12 ||    12
Dodge: Dodged            |    61 |    11 ||    72
Block: Buckler           |    27 |    10 ||    37
